 Dungeon Crawl Stone Soup version 0.13.0-29-gdb529de (webtiles) character file.

262 Econoterrorist the Chopper (level 5, -7/46 HPs)
             Began as a Minotaur Fighter on Nov 7, 2013.
             Engulfed by a cloud of flame (22 damage)
             ... on Level 3 of the Dungeon on Nov 11, 2013.
             The game lasted 00:12:38 (2077 turns).

Econoterrorist the Chopper (Minotaur Fighter)       Turns: 2077, Time: 00:12:38

HP  -7/46        AC  6     Str 21      XL: 5   Next: 31%
MP   1/1         EV  6     Int  5      God:
Gold 85          SH 19     Dex 10      Spells:  0 memorised,  4 levels left

Res.Fire  : . . .   See Invis. : .   a - +0 hand axe {=f}
Res.Cold  : . . .   Warding    : .   b - +0 scale mail
Life Prot.: + . .   Conserve   : .   c - +0 shield
Res.Poison: +       Res.Corr.  : .   (helmet restricted)
Res.Elec. : .       Clarity    : .   (no cloak)
Sust.Abil.: . .     Spirit.Shd : .   (no gloves)
Res.Mut.  : .       Stasis     : .   (no boots)
Res.Rott. : .       Flight     : .   j - amulet of the gourmand
Gourmand  : +                        m - ring of positive energy {unknown}
                                     k - ring of poison resistance

@: slightly resistant to hostile enchantments, extremely unstealthy
A: retaliatory headbutt, horns 2
a: no special abilities


You were on level 3 of the Dungeon.
You were completely stuffed.

You visited 1 branch of the dungeon, and saw 3 of its levels.

You collected 65 gold pieces.

Inventory:

Hand weapons
 a - a +0,+0 hand axe (weapon) {=f}
 w - a cursed -1,-2 sling
Armour
 b - a +0 scale mail (worn)
 c - a +0 shield (worn)
Comestibles
 d - a bread ration
 g - a meat ration
 u - an apple
 v - a pear
Scrolls
 e - 2 scrolls of identify {unknown}
 i - 2 scrolls of teleportation {unknown}
 l - 2 scrolls of remove curse {unknown}
 r - a scroll of curse armour {unknown}
 y - a scroll of magic mapping {unknown}
Jewellery
 j - an amulet of the gourmand (around neck)
 k - a ring of poison resistance (left hand)
 m - a ring of positive energy (right hand) {unknown}
Potions
 f - 2 potions of restore abilities {unknown}
 h - 3 potions of curing {unknown}
 n - a potion of flight {unknown}
 q - a potion of confusion {unknown}
 s - a potion of paralysis {unknown}
 x - a potion of agility {unknown}
Books
 o - a book of the Warp

   Spells                             Type                      Level
   Recall                             Summoning/Translocation      3
   Control Teleport                   Charms/Translocation         4
   Phase Shift                        Translocation                5
   Warp Weapon                        Charms/Translocation         5
   Dispersal                          Translocation                6
   Controlled Blink                   Translocation                7
   Disjunction                        Translocation                8


   Skills:
 - Level 3.6 Fighting
 + Level 6.8 Axes
 - Level 3.6 Armour
 - Level 3.6 Shields


You had 4 spell levels left.
You didn't know any spells.

Dungeon Overview and Level Annotations

Branches:
Dungeon (3/27)

Altars:
Xom


Innate Abilities, Weirdness & Mutations

You reflexively headbutt those who attack you in melee.
You have a pair of horns on your head.


Message History

There is a stone staircase leading up here.
e - 3 scrolls labeled BYICLI TAVI SHUE (gained 1)
y - a scroll labeled MNYCALO ROJAC You open the door.
There is an open door here.
Found a runed elven spear.
You are engulfed in roaring flames.
One of your 3 scrolls labeled MIEHEO KHOGEU catches fire!
Found a shimmering altar of Xom.
You found a net trap!
You are engulfed in roaring flames.
One of your 3 scrolls labeled BYICLI TAVI SHUE catches fire!
One of your 3 scrolls labeled BRUDIE CROCE catches fire!
Your scroll labeled STRUPHIAHUP catches fire!
You found a needle trap!
You see here a runed elven spear.
Really walk into that needle trap?
Okay, then.
You are engulfed in roaring flames.
Your scroll labeled ISURRY DUUST catches fire!
You die...

######(##..........#
#...........##.###.#
#.####.##...##.###.# #.#
#.###...#.##.#. #.#
#......%..###.# #.# #####...###
### # #.# ##.## ..
#############.# ..
#...ยง@^^..._#.# (#
#.###########'## .# #...# ##...##
.# ####.## ##..<..## .## #.....#
##.......#####
..#########.#...####.........#...
...........###.....'.........+...
..#######.## ##.####...>.....#.##
.## ##.###.## ##.......##.#.


There were no monsters in sight!

Vanquished Creatures
  The ghost of teukkam the Magician, an average DsWz (D:3)
  A crimson imp (D:3)
  Ijyb (D:2)
  3 adders
  An inept feature mimic (D:2)
  2 white imps (D:3)
  A giant gecko (D:2)
  2 oozes
  An orc (D:3)
  2 ball pythons (D:2)
  2 giant cockroaches (D:1)
  5 goblins
  9 hobgoblins
  A quokka (D:3)
  4 bats
  2 giant newts (D:3)
  10 kobolds
  4 rats
52 creatures vanquished.

Vanquished Creatures (others)
  A gnoll (D:3)
1 creature vanquished.

Grand Total: 53 creatures vanquished

Notes
Turn   | Place    | Note
--------------------------------------------------------------
     0 | D:1      | Econoterrorist, the Minotaur Fighter, began the quest for the Orb.
     0 | D:1      | Reached XP level 1. HP: 19/19 MP: 0/0
   175 | D:1      | Reached XP level 2. HP: 26/26 MP: 0/0
   545 | D:2      | Reached skill level 4 in Axes
   632 | D:2      | Reached XP level 3. HP: 24/33 MP: 1/1
   742 | D:2      | Noticed Ijyb
   758 | D:2      | Killed Ijyb
   758 | D:2      | Reached skill level 5 in Axes
   838 | D:2      | Reached XP level 4. HP: 37/39 MP: 1/1
  1051 | D:3      | Noticed teukkam's ghost (average DsWz)
  1301 | D:3      | Killed teukkam's ghost
  1301 | D:3      | Reached skill level 6 in Axes
  1301 | D:3      | Reached XP level 5. HP: 10/46 MP: 1/1
  2068 | D:3      | Found a shimmering altar of Xom.
  2077 | D:3      | Engulfed by a cloud of flame

Action                   |  1- 3 |  4- 6 || total
-------------------------+-------+-------++-------
Melee: Hand axe          |    87 |    93 ||   180
